 Dungeon Crawl Stone Soup version 0.25-b1-46-gb8a1ec05df (webtiles) character file.

Game seed: 16244967647161480652

684266 Majang the Brawler (level 27, 0/351 HPs)
             Began as a Troll Fighter on June 7, 2020.
             Was the Champion of Cheibriados.
             Killed by divine providence
             ... invoked by a daeva
             ... led by a seraph
              (13 damage)
             ... on level 1 of the Depths on June 9, 2020.
             The game lasted 07:14:56 (55932 turns).

Majang the Brawler (Troll Fighter)                 Turns: 55932, Time: 07:14:57

Health: 0/351      AC: 37    Str: 47    XL:     27
Magic:  33/39      EV: 24    Int: 28    God:    Cheibriados [******]
Gold:   5763       SH: 22    Dex: 24    Spells: 27/46 levels left

rFire    + + .     SeeInvis +     - Unarmed
rCold    . . .     Gourm    +   p - +5 kite shield {reflect}
rNeg     + . .     Faith    .   (armour currently unavailable)
rPois    ∞         Spirit   .   r - +3 crown of Dyrovepreva {rElec Int+2 SInv}
rElec    +         Reflect  +   Y - +4 dragonskin cloak
rCorr    +         Harm     .   (gloves unavailable)
MR       +++..                  (boots unavailable)
Stlth    +.........             y - amulet of the acrobat
HPRegen  1.08/turn              W - ring of protection from magic
MPRegen  0.26/turn              h - +4 ring of slaying

@: mighty, statue-form, glowing, studying Armour, very slow
A: large, unfitting armour, claws 3, fire resistance 1, fast metabolism 3,
gourmand, high mp 1, regeneration 1, screaming 1, weak 1
0: Orb of Zot
}: 3/15 runes: barnacled, abyssal, gossamer
a: End Transformation, Bend Time, Temporal Distortion, Slouch, Step From Time,
Renounce Religion


You were on level 1 of the Depths.
You worshipped Cheibriados.
Cheibriados was exalted by your worship.
You were full.
You were a stone statue.
You visited 10 branches of the dungeon, and saw 49 of its levels.
You visited the Abyss 2 times.
You visited 1 bazaar.
You also visited: Sewer, Bailey and Ice Cave.

You collected 9746 gold pieces.
You spent 3983 gold pieces at shops.

Inventory:

Missiles
 l - 86 javelins
 o - 30 silver javelins
 u - 133 large rocks (quivered)
 N - 90 boomerangs
Armour
 p - a +5 kite shield of reflection (worn)
 r - the +3 crown of Dyrovepreva (worn) {rElec Int+2 SInv}
   (You bought it in a shop on level 7 of the Dungeon)

   It affects your intelligence (+2).
   It insulates you from electricity.
   It lets you see invisible.
 z - +4 fire dragon scales (melded)
 A - +5 steam dragon scales
 F - the +2 cloak "Rym Xops" {rPois Str+4 Int+2 Dex+3}
   (You acquired it on level 4 of the Depths)

   It affects your strength (+4).
   It affects your intelligence (+2).
   It affects your dexterity (+3).
   It protects you from poison.
 R - +0 ice dragon scales
 U - a +2 cloak of preservation
 Y - the +4 dragonskin cloak (worn)
   (You took it off Tiamat on level 2 of the Realm of Zot)
Jewellery
 h - a +4 ring of slaying (right claw)
 v - an uncursed ring of protection from fire
 y - an amulet of the acrobat (around neck)
 B - an uncursed amulet of regeneration
 C - an uncursed ring of ice
 K - the amulet "Zosted" {Reflect rF+++ rC- Str+2 Int-4 SH+5}
   (You found it on level 4 of the Lair of Beasts)

   [amulet of reflection]

   It shields you and reflects attacks.
   It affects your strength (+2).
   It affects your intelligence (-4).
   It renders you almost immune to fire.
   It makes you vulnerable to cold.
   It affects your SH (+5).
 O - an uncursed ring of protection from fire
 Q - the amulet of Vitality {Regen+ HP+15}
   (You found it on level 1 of the Realm of Zot)

   [amulet of regeneration]

   It affects your health (+15).
   It increases your rate of regeneration.
 W - a ring of protection from magic (left claw)
 Z - an uncursed ring of wizardry
Wands
 D - a wand of digging (12)
 I - a wand of clouds (3)
Scrolls
 a - 2 scrolls of silence
 b - 6 scrolls of blinking
 e - 19 scrolls of teleportation
 j - 21 scrolls of remove curse
 n - 4 scrolls of holy word
 s - 4 scrolls of magic mapping
 H - 6 scrolls of fog
 M - 6 scrolls of fear
 S - a scroll of summoning
 T - 25 scrolls of identify
Potions
 c - 5 potions of might
 f - 6 potions of mutation
 g - 16 potions of curing
 k - 9 potions of magic
 m - 6 potions of heal wounds
 q - 9 potions of resistance
 t - 6 potions of cancellation
 w - 12 potions of flight
 x - 4 potions of invisibility
 E - 5 potions of ambrosia
 G - 4 potions of brilliance
Books
 P - a manual of Armour
Comestibles
 d - 89 rations


   Skills:
 + Level 15.2 Fighting
 * Level 19.2 Throwing
 + Level 12.1 Armour
 + Level 15.3 Dodging
 + Level 14.5 Shields
 + Level 20.7 Unarmed Combat
 - Level 10.2 Spellcasting
 - Level 12.0 Transmutations
 - Level 15.0 Earth Magic
 - Level 12.0 Invocations
 - Level 2.3 Evocations


You had 27 spell levels left.
You knew the following spells:

 Your Spells              Type           Power        Failure   Level  Hunger
a - Statue Form           Tmut/Erth      ######...    2%          6    #####..
h - Hydra Form            Tmut           ######....   4%          6    #####..
l - Lee's Rapid Deconstr  Erth           #######...   1%          5    ###....
w - Passwall              Tmut/Erth      ######..     1%          2    None

Your spell library contained the following spells:

 Spells                   Type           Power        Failure   Level  Hunger
 Sandblast                Erth           ######       0%          1    None
 Spider Form              Tmut/Pois      #####.....   1%          3    None
 Stone Arrow              Conj/Erth      ######       1%          3    None
 Leda's Liquefaction      Hex/Erth       ######....   1%          4    None
 Petrify                  Tmut/Erth      ######..     1%          4    None
 Ignite Poison            Fire/Tmut/Pois #####...     2%          3    None
 Corona                   Hex            ##.....      4%          1    None
 Foxfire                  Conj/Fire      ##..         4%          1    None
 Infusion                 Chrm           ##..         4%          1    None
 Magic Dart               Conj           ##..         4%          1    None
 Shock                    Conj/Air       ##..         4%          1    None
 Summon Small Mammal      Summ           ##..         4%          1    None
 Borgnjor's Vile Clutch   Necr/Erth      ######....   4%          5    ###....
 Blink                    Tloc           N/A          6%          2    None
 Call Imp                 Summ           ##......     6%          2    None
 Corpse Rot               Necr/Air       N/A          6%          2    None
 Ensorcelled Hibernation  Hex/Ice        ##....       6%          2    None
 Poisonous Vapours        Pois/Air       ##....       6%          2    None
 Searing Ray              Conj           ##....       6%          2    None
 Shroud of Golubria       Chrm/Tloc      ##....       6%          2    None
 Slow                     Hex            ##......     6%          2    None
 Song of Slaying          Chrm           ##......     6%          2    None
 Swiftness                Chrm/Air       ##......     6%          2    None
 Alistair's Intoxication  Tmut/Pois      #####...     10%         5    ###....
 Irradiate                Conj/Tmut      #####.....   10%         5    ###....
 Yara's Violent Unravell  Hex/Tmut       #####.....   10%         5    ###....
 Call Canine Familiar     Summ           ##......     12%         3    None
 Conjure Flame            Conj/Fire      ##......     12%         3    None
 Dazzling Flash           Conj/Hex       ##....       12%         3    None
 Frozen Ramparts          Ice            ##....       12%         3    None
 Gell's Gravitas          Tloc           ##........   12%         3    None
 Inner Flame              Hex/Fire       ##......     12%         3    None
 Mephitic Cloud           Conj/Pois/Air  ##......     12%         3    None
 Ozocubu's Armour         Chrm/Ice       ##......     12%         3    None
 Portal Projectile        Hex/Tloc       ##....       12%         3    None
 Recall                   Summ/Tloc      N/A          12%         3    None
 Static Discharge         Conj/Air       ##......     12%         3    None
 Summon Guardian Golem    Hex/Summ       ##......     12%         3    None
 Bolt of Magma            Conj/Fire/Erth #####.....   14%         5    ###....
 Dragon Form              Tmut           ######....   24%         7    ######.
 Iron Shot                Conj/Erth      ######....   28%         6    #####..
 Airstrike                Air            ##........   36%         4    None
 Animate Dead             Necr           N/A          36%         4    None
 Cause Fear               Hex            ##........   36%         4    None
 Fulminant Prism          Conj/Hex       ##........   36%         4    None
 Iskenderun's Mystic Bla  Conj/Tloc      ##......     36%         4    None
 Sticky Flame             Conj/Fire      ##......     36%         4    None
 Summon Ice Beast         Ice/Summ       ##......     36%         4    None
 Summon Lightning Spire   Summ/Air       ##......     36%         4    None
 Eringya's Noxious Bog    Tmut/Pois      #####.....   45%         6    #####..
 Aura of Abjuration       Summ           ##........   73%         5    ###....
 Fireball                 Conj/Fire      ##........   73%         5    ###....
 Iskenderun's Battlesphe  Conj/Chrm      ##......     73%         5    ###....
 Lightning Bolt           Conj/Air       ##........   73%         5    ###....
 Silence                  Hex/Air        ##........   73%         5    ###....
 Summon Forest            Summ/Tloc      ##........   73%         5    ###....
 Conjure Ball Lightning   Conj/Air       ##........   99%         6    #####..
 Darkness                 Hex            ##........   99%         6    #####..
 Death Channel            Necr           ##........   99%         6    #####..
 Dispersal                Tloc           ##........   99%         6    #####..
 Freezing Cloud           Conj/Ice/Air   ##........   99%         6    #####..
 Invisibility             Hex            ##......     99%         6    #####..
 Simulacrum               Ice/Necr       ##........   99%         6    #####..
 Starburst                Conj/Fire      ##........   99%         6    #####..
 Orb of Destruction       Conj           ##........   100%        7    ######.
 Ring of Flames           Chrm/Fire      ##........   100%        7    ######.
 Spellforged Servitor     Conj/Summ      ##........   100%        7    ######.
 Summon Hydra             Summ           ##........   100%        7    ######.
 Controlled Blink         Tloc           N/A          100%        8    #######
 Discord                  Hex            ##........   100%        8    #######
 Disjunction              Tloc           ##........   100%        8    #######
 Ignition                 Fire           ##........   100%        8    #######
 Tornado                  Air            ##........   100%        9    #######
 Passage of Golubria      Tloc           Unusable     N/A         4    N/A

Dungeon Overview and Level Annotations

Branches:
Dungeon (15/15)            Temple (1/1) D:4            Lair (6/6) D:9
 Shoals (4/4) Lair:2       Spider (4/4) Lair:2        Slime (0/5) Lair:6
    Orc (2/2) D:10            Elf (3/3) Orc:2        Vaults (4/5) D:14
  Crypt (0/3) Vaults:2     Depths (5/5) D:15            Zot (5/5) Depths:5
  Sewer (visited)          Bailey (visited)           IceCv (visited)

Altars:
Ashenzari
Cheibriados
Dithmenos
Elyvilon
Fedhas
Gozag
Hepliaklqana
Makhleb
Ru
Sif Muna
Trog
Uskayaw
Vehumet
Wu Jian
Xom
The Shining One
Beogh
Jiyva

Shops:
D:7 [   D:13 [(!}   D:15 !   Orc:2 %*   Elf:2 ?   Shoals:3 (   Vaults:2 %
Vaults:3 [   Depths:4 =}=

Portals:
Hell: Lair:6 Depths:1 Depths:2 Depths:3 Depths:4 Depths:5
Abyss: Depths:2 Depths:4
Pandemonium: Depths:1 Depths:3 Depths:5
Ziggurat: Depths:2
Trove: D:12 (show abyssal rune of Zot)

Annotations:
Depths:3 2 transporters, CakeIsGreat's ghost, veteran GrFi


Innate Abilities, Weirdness & Mutations

You are too large for most types of armour.
You have claws for hands.
Your metabolism is lightning-fast.
You like to eat raw meat.
Your natural rate of healing is unusually fast.
((You are covered in fur. (AC +1)))
((You have extremely tough skin. (AC +3)))
((You are partially covered in icy blue scales. (AC +2)))
((You are partially covered in molten scales. (AC +2)))
Your flesh is heat resistant. (rF+)
You have an increased reservoir of magic. (+10% MP)
You occasionally shout uncontrollably at your foes.
You are weak. (Str -2)


Message History

You block the daeva's attack. x2; The daeva hits you but does no damage.
The daeva barely misses you. The daeva closely misses you.
The daeva hits you but does no damage.
You feel much better. The daeva hits you but does no damage.
The daeva completely misses you.
The daeva hits you with a +4 long sword of holy wrath!
* * * LOW HITPOINT WARNING * * *
You block the daeva's attack.
The daeva hits you with a +2 long sword of holy wrath!
* * * LOW HITPOINT WARNING * * *
The daeva hits you but does no damage.
You closely miss the daeva.
The daeva is moderately wounded.
The daeva no longer looks unusually strong.
The daeva calls down the wrath of the Shining One upon you.
The Shining One smites you!
* * * LOW HITPOINT WARNING * * *
The daeva calls down the wrath of the Shining One upon you.
The Shining One smites you!
You die...

## #. #. ####### #.
########.....# ##########.
##..A......##.########...<....##
#..>.......(..A8................
#.............AA................
#............#########......#...
#.....#####################.####
#.........# #.#.#.#.#.#.#.#.#.#.
#.........# ##.#.#.#.#.#..#.##.#
###.......# #.#.#.........#(#!#.
#.......# ##.#.##########[####
#.......# #.#.#.## ##.)..[##


You could see 3 daevas.

Vanquished Creatures
  2 seraphim
  Tiamat (Zot:2)
  6 orbs of fire
  7 ancient liches
  Mara (Shoals:4)
  3 juggernauts
  9 Killer Klowns
  A curse toe (Zot:5)
  2 caustic shrikes (Depths:3)
  8 golden dragons
  4 bone dragons
  5 electric golems
  11 tentacled monstrosities
  8 liches
  A Tzitzimitl (Zot:1)
  Jorgrun (D:14)
  A hellephant (Depths:5)
  28 Orb Guardians
  2 deep elf master archers (Elf:3)
  4 quicksilver dragons
  An acid blob (Zot:2)
  A titan (Zot:5)
  The ghost of Loidof the Severer, an adept MiFi of Okawaru (Shoals:1)
  An Executioner (Depths:2)
  2 deep elf blademasters (Elf:3)
  Polyphemus (Shoals:3)
  6 death cobs
  A tentacled starspawn (Abyss:3)
  4 sphinxes
  Gastronok (Lair:2)
  2 thorn hunters (Abyss:3)
  8 tengu reavers
  6 shadow dragons
  Donald (Spider:1)
  11 storm dragons
  Ilsuiw (Shoals:3)
  5 fire giants
  10 draconian monks
  A daeva (Depths:3)
  6 deep elf sorcerers
  6 draconian knights
  5 draconian scorchers
  3 frost giants
  6 ghost moths
  2 angels (Depths:3)
  A warmonger (Depths:2)
  5 deep elf elementalists
  2 orc warlords (Orc:2)
  A curse skull (Depths:4)
  2 cacodemons
  9 emperor scorpions
  12 vault wardens
  2 balrugs
  3 iron dragons
  9 draconian shifters
  14 draconian annihilators
  2 spriggan defenders
  6 draconian stormcallers
  11 ironheart preservers
  18 stone giants
  6 entropy weavers
  16 green draconians
  31 very ugly things
  6 vampire knights
  19 yellow draconians
  9 purple draconians
  24 slime creatures
  12 deep elf demonologists
  2 dire elephants (Lair:6)
  9 red draconians
  A lorocyproca (Abyss:4)
  3 spark wasps (Depths:2)
  10 deep elf annihilators
  20 white draconians
  20 black draconians
  13 ettins
  7 merfolk javelineers
  7 deep elf death magi
  A blizzard demon (Zot:1)
  2 jiangshi (Depths:1)
  Josephine (Lair:6)
  4 merfolk impalers
  14 fire dragons
  14 yaktaur captains
  6 ogre magi
  7 great orbs of eyes
  The ghost of Sinop the Markscentaur, a journeyman CeHu of Okawaru (Lair:1)
  4 deep elf high priests
  13 ice dragons
  3 monstrous demonspawn
  5 hydras
  8 rakshasas
  5 spriggan air magi
  An alligator snapping turtle (Shoals:4)
  4 merfolk avatars
  10 vault guards
  A catoblepas (Shoals:3)
  4 death knights
  8 centaur warriors
  8 merfolk aquamancers
  7 deep troll shamans
  13 tengu warriors
  27 two-headed ogres
  11 death yaks
  4 satyrs
  5 deep troll earth magi
  4 thrashing horrors (Abyss:3)
  2 vampire magi
  30 dancing weapons
  4 orc high priests (Orc:2)
  A spriggan (Depths:2)
  A wretched star (Abyss:3)
  8 soul eaters (Depths:4)
  2 sun demons
  Nergalle (Lair:1)
  20 deep elf knights
  4 spriggan berserkers
  7 small abominations
  14 sea snakes
  3 sixfirhies
  4 iron trolls
  2 salamander mystics (Depths:3)
  16 deep trolls
  A shadow demon (Depths:2)
  2 flayed ghosts (Depths:1)
  17 hell knights
  2 unseen horrors (D:15)
  A gelid demonspawn (Depths:2)
  5 glowing orange brains
  5 wizards
  A torturous demonspawn (Depths:5)
  Pikel (D:7)
  20 harpies
  4 phantasmal warriors
  16 deep elf archers
  17 orb spiders
  32 wolf spiders
  A wolf spider (shapeshifter) (Elf:3)
  9 orc sorcerers
  21 orc knights
  54 deep elf magi
  10 ironbrand convokers
  11 necromancers
  A fire giant zombie (Depths:1)
  A glowing shapeshifter (Depths:2)
  12 cyclopes
  3 worldbinders
  9 fauns
  71 ugly things
  16 manticores
  22 moths of wrath
  A moth of wrath (shapeshifter) (Depths:5)
  9 elephants (Lair:6)
  Joseph (D:9)
  A guardian serpent (Abyss:3)
  16 merfolk sirens
  An apocalypse crab (Abyss:3)
  5 salamanders
  3 ice statues (IceCv)
  14 vault sentinels
  3 black mambas
  7 water nymphs
  A fire giant skeleton (Depths:1)
  2 guardian serpents (shapeshifter)
  2 eyes of devastation (shapeshifter)
  A stone giant skeleton (Depths:1)
  4 smoke demons
  14 spiny frogs
  A gargoyle (D:10)
  4 orange demons
  10 komodo dragons
  10 rime drakes
  A komodo dragon (shapeshifter) (Vaults:2)
  An efreet (D:15)
  A hellion (Depths:5)
  3 ancient zymes (Abyss:3)
  A yaktaur (shapeshifter) (Vaults:1)
  2 freezing wraiths
  58 yaktaurs
  16 ice devils
  A yaktaur skeleton (Depths:1)
  7 tengu conjurers
  17 demonic crawlers
  2 hellwings
  A polar bear (shapeshifter) (Depths:2)
  A golden dragon simulacrum (Depths:1)
  A silent spectre (Depths:4)
  4 red devils
  A jumping spider (shapeshifter) (Depths:2)
  A spriggan skeleton (Depths:1)
  A troll (shapeshifter) (Depths:3)
  4 tyrant leeches (Spider:4)
  23 jumping spiders
  29 merfolk
  3 meliai (Spider:4)
  14 trolls
  A meliai (shapeshifter) (Depths:2)
  2 queen bees
  A polar bear (Lair:3)
  7 hornets
  5 wind drakes
  A shadow dragon simulacrum (Vaults:4)
  15 blink frogs
  A sphinx simulacrum (Vaults:4)
  5 snapping turtles
  8 dream sheep
  5 raiju
  25 hippogriffs
  17 starcursed masses (Abyss:3)
  12 flying skulls (Abyss:4)
  A tarantella (shapeshifter) (Depths:2)
  4 air elementals
  A shadow (D:13)
  Sigmund (D:3)
  3 water elementals
  5 large abominations
  79 redbacks
  A spriggan (shapeshifter) (Vaults:2)
  41 tarantellas
  14 wraiths
  A vampire (D:15)
  10 wyverns
  2 basilisks
  19 humans (D:14)
  25 yaks
  3 fire elementals (Elf:2)
  Grum (D:11)
  2 golden eyes (Depths:4)
  3 steam dragons
  2 chaos spawn
  2 hungry ghosts
  8 wargs
  Menkaure (D:4)
  A swamp worm (shapeshifter) (Vaults:4)
  A warg (shapeshifter) (Vaults:2)
  5 acid dragons
  A naga (shapeshifter) (D:15)
  2 soldier ants
  11 porcupines
  A porcupine (shapeshifter) (Depths:2)
  16 water moccasins
  4 hell hounds (Lair:6)
  A floating eye (shapeshifter) (Depths:2)
  3 black bears
  68 orc warriors
  A hornet zombie (D:8)
  11 ice beasts
  A slave (D:7)
  9 sky beasts
  A black mamba simulacrum (Abyss:4)
  29 ogres
  A phantom (D:5)
  A necrophage (D:10)
  14 wolves
  8 boggarts
  16 centaurs
  11 crocodiles
  Blork the orc (D:5)
  5 big kobolds
  18 bullfrogs
  3 wyvern zombies
  7 earth elementals
  3 scorpions
  40 killer bees
  9 electric eels
  5 wights (D:12)
  7 howler monkeys
  A yaktaur simulacrum (Vaults:1)
  2 centaur zombies
  2 quasits (Depths:5)
  7 crimson imps
  A draconian simulacrum (IceCv)
  3 iron imps
  35 orc priests
  23 orc wizards
  Crazy Yiuf (D:5)
  6 hounds
  8 jellies
  A bullfrog skeleton (D:7)
  6 centaur skeletons
  4 iguanas
  12 worker ants
  5 troll simulacra (IceCv)
  2 centaur simulacra (IceCv)
  A hound skeleton (D:6)
  A mummy (D:4)
  A worker ant zombie (D:9)
  Robin (D:2)
  A howler monkey zombie (D:10)
  12 gnolls
  2 howler monkey skeletons (D:11)
  12 adders
  2 ogre simulacra (IceCv)
  6 shadow imps
  5 white imps
  8 oozes
  3 adder skeletons
  An adder zombie (D:5)
  4 worms
  3 dart slugs
  5 leopard geckos
  157 orcs
  8 giant cockroaches
  15 goblins
  8 hobgoblins
  17 jackals
  18 kobolds
  4 quokkas
  5 ball pythons
  6 bats
  6 frilled lizards
  2 goblin zombies (D:4)
  A jackal skeleton (D:8)
  A jackal zombie (D:5)
  A leopard gecko zombie (D:5)
  A quokka skeleton (D:6)
  A quokka zombie (D:5)
  9 rats
  4 crawling corpses (Elf:3)
  A fungus (Lair:6)
  A lurking horror (Abyss:4)
  2 plants
2595 creatures vanquished.

Vanquished Creatures (others)
  A draconian knight (Zot:2)
  A vampire knight (Depths:4)
  A vault guard (Vaults:4)
  2 deep elf magi
  A human (Depths:4)
  2 water moccasins
  An orc warrior (D:14)
  2 slaves (D:7)
  An ogre (Depths:3)
  14 fungi
  A lurking horror (Abyss:3)
  6 plants
  2 starspawn tentacles (Abyss:3)
35 creatures vanquished.

Grand Total: 2630 creatures vanquished

Notes
Turn   | Place    | Note
-------+----------+-------------------------------------------
     0 | D:1      | Majang the Troll Fighter began the quest for the Orb.
     0 | D:1      | Reached XP level 1. HP: 22/22 MP: 0/0
   149 | D:1      | Reached XP level 2. HP: 29/29 MP: 1/1
   417 | D:1      | Reached XP level 3. HP: 34/36 MP: 2/2
   539 | D:2      | Reached skill level 3 in Unarmed Combat
   619 | D:2      | Reached XP level 4. HP: 43/44 MP: 3/3
   635 | D:2      | Noticed Robin
   675 | D:2      | Killed Robin
   994 | D:2      | Found a snail-covered altar of Cheibriados.
  1001 | D:2      | Became a worshipper of Cheibriados the Contemplative
  1259 | D:3      | Found a glowing golden altar of the Shining One.
  1349 | D:3      | Reached XP level 5. HP: 37/53 MP: 4/4
  1602 | D:3      | Reached * piety under Cheibriados
  1783 | D:3      | Noticed Sigmund
  1800 | D:3      | Killed Sigmund
  1800 | D:3      | Reached skill level 1 in Throwing
  1800 | D:3      | Reached skill level 4 in Unarmed Combat
  1800 | D:3      | Reached skill level 1 in Invocations
  1800 | D:3      | Reached XP level 6. HP: 58/61 MP: 5/5
  1997 | D:4      | Found a staircase to the Ecumenical Temple.
  2009 | D:4      | Found a glowing drain.
  2032 | Sewer    | Entered a sewer
  2121 | Sewer    | Reached ** piety under Cheibriados
  2141 | Sewer    | Reached XP level 7. HP: 64/67 MP: 7/7
  2190 | Sewer    | Reached skill level 5 in Unarmed Combat
  2739 | Temple   | Entered the Ecumenical Temple
  2826 | D:4      | Noticed Menkaure
  2834 | D:4      | Killed Menkaure
  3002 | D:5      | Entered Level 5 of the Dungeon
  3060 | D:5      | Noticed Blork the orc
  3073 | D:5      | Killed Blork the orc
  3073 | D:5      | Reached XP level 8. HP: 68/78 MP: 8/8
  3099 | D:5      | Found a runed translucent door.
  3100 | D:5      | Noticed Crazy Yiuf
  3109 | D:5      | Killed Crazy Yiuf
  3191 | D:5      | Reached *** piety under Cheibriados
  3238 | D:5      | Found a bloodstained altar of Trog.
  3336 | D:5      | Reached skill level 6 in Unarmed Combat
  3586 | D:5      | Found a burning altar of Makhleb.
  3588 | D:5      | Found a glowing golden altar of the Shining One.
  3678 | D:5      | Found a sacrificial altar of Ru.
  3764 | D:5      | Found a white marble altar of Elyvilon.
  3913 | D:6      | Found a blossoming altar of Fedhas.
  4404 | D:6      | Reached **** piety under Cheibriados
  4424 | D:6      | Found a shimmering blue altar of Sif Muna.
  4532 | D:6      | Reached XP level 9. HP: 66/85 MP: 10/10
  4588 | D:7      | Noticed Pikel
  4602 | D:7      | Killed Pikel
  4602 | D:7      | Reached skill level 7 in Unarmed Combat
  4706 | D:7      | Found Gyuded's Armour Boutique.
  4871 | D:7      | Reached skill level 5 in Dodging
  4871 | D:7      | Reached skill level 5 in Shields
  4991 | D:7      | Found an opulent altar of Gozag.
  5109 | D:7      | Found a hazy altar of Hepliaklqana.
  5177 | D:7      | Reached skill level 5 in Fighting
  5284 | D:7      | Reached skill level 8 in Unarmed Combat
  5355 | D:8      | Found a shimmering altar of Xom.
  5505 | D:8      | Reached XP level 10. HP: 96/96 MP: 12/12
  5870 | D:8      | Reached ***** piety under Cheibriados
  6540 | D:9      | Found a hide-covered altar of Uskayaw.
  6540 | D:9      | Noticed a +0 hand axe
  6540 | D:9      | Noticed Joseph
  6540 | D:9      | Noticed a +0 dagger
  6548 | D:9      | Killed Joseph
  6548 | D:9      | Reached skill level 5 in Invocations
  6637 | D:9      | Reached skill level 9 in Unarmed Combat
  6704 | D:9      | Reached skill level 5 in Throwing
  6727 | D:9      | Found a staircase to the Lair.
  6727 | D:9      | Noticed a death yak
  6740 | D:9      | Noticed a death yak
  6743 | D:9      | Noticed a death yak
  6744 | D:9      | Noticed a death yak
  6747 | D:9      | Noticed a death yak
  6749 | D:9      | Noticed a death yak
  6749 | D:9      | Noticed a death yak
  6759 | D:9      | Killed a death yak
  6759 | D:9      | Reached skill level 1 in Armour
  6766 | D:9      | Killed a death yak
  6773 | D:9      | Killed a death yak
  6773 | D:9      | Reached XP level 11. HP: 60/105 MP: 14/14
  6781 | D:9      | Killed a death yak
  6785 | D:9      | Killed a death yak
  6795 | D:9      | Killed a death yak
  6813 | D:9      | Killed a death yak
  6813 | D:9      | Reached skill level 10 in Unarmed Combat
  7086 | D:9      | Found a radiant altar of Vehumet.
  7444 | Lair:1   | Entered Level 1 of the Lair of Beasts
  7504 | Lair:1   | Reached ****** piety under Cheibriados
  7513 | Lair:1   | Found a runed translucent gate.
  7513 | Lair:1   | Found a runed translucent gate.
  7556 | Lair:1   | Found a runed translucent gate.
  7565 | Lair:1   | Noticed Sinop's ghost (journeyman CeHu)
  7733 | Lair:1   | Noticed Nergalle
  7741 | Lair:1   | Killed Nergalle
  8349 | Lair:1   | Found a viscous altar of Jiyva.
  8430 | D:7      | Bought the +3 crown of Dyrovepreva {rElec Int+2 SInv} for
                  | 496 gold pieces
  8430 | D:7      | Found the +3 crown of Dyrovepreva {rElec Int+2 SInv}
  8503 | Lair:2   | You fall into a shaft and drop 2 floors!
  8642 | Lair:2   | Reached XP level 12. HP: 115/115 MP: 15/15
  8701 | Lair:2   | Found a staircase to the Shoals.
  8717 | Lair:2   | Noticed Gastronok
  8748 | Lair:2   | Killed Gastronok
  8748 | Lair:2   | Reached skill level 11 in Unarmed Combat
  8874 | Lair:2   | Got a transparent broad axe
  8875 | Lair:2   | Identified the +7 broad axe of Oenomania {freeze, MR+} (You
                  | found it on level 2 of the Lair of Beasts)
  8903 | Lair:2   | Found a hole to the Spider Nest.
  9517 | Lair:3   | Noticed Sonja
  9519 | Lair:3   | Noticed Sonja
  9519 | Lair:3   | Sonja changed into Sonja the soldier ant
  9528 | Lair:3   | Killed Sonja the soldier ant
 10035 | Lair:3   | Noticed a five-headed hydra
 10038 | Lair:3   | Killed a five-headed hydra
 10807 | Lair:4   | Got a clouded bone amulet
 10808 | Lair:4   | Identified the amulet "Zosted" {Reflect rF+++ rC- Str+2
                  | Int-4 SH+5} (You found it on level 4 of the Lair of Beasts)
 11091 | Lair:5   | Reached XP level 13. HP: 107/124 MP: 17/17
 11353 | Lair:5   | Reached skill level 12 in Unarmed Combat
 11921 | Lair:6   | Entered Level 6 of the Lair of Beasts
 11948 | Lair:6   | Reached skill level 5 in Armour
 12049 | Lair:6   | Found a staircase to the Slime Pits.
 12226 | Lair:6   | Found a blossoming altar of Fedhas.
 12610 | Lair:6   | Noticed a dire elephant
 12625 | Lair:6   | Killed a dire elephant
 12829 | Lair:6   | Reached XP level 14. HP: 136/136 MP: 19/19
 13026 | Lair:6   | Noticed Josephine
 13028 | Lair:6   | Reached skill level 13 in Unarmed Combat
 13036 | Lair:6   | Killed Josephine
 13152 | Lair:6   | Found a burning altar of Makhleb.
 13158 | Lair:6   | Found a gateway to Hell.
 13450 | D:10     | Entered Level 10 of the Dungeon
 13482 | D:10     | Found a staircase to the Orcish Mines.
 13821 | D:10     | Found a roughly hewn altar of Beogh.
 14346 | Orc:1    | Entered Level 1 of the Orcish Mines
 14683 | Orc:1    | You fall into a shaft and drop 1 floor!
 14683 | Orc:2    | Entered Level 2 of the Orcish Mines
 14707 | Orc:2    | Found Exeasme's Distillery.
 14720 | Orc:2    | Bought a potion of invisibility for 144 gold pieces
 14728 | Orc:2    | Found Lotixau's Food Boutique.
 14784 | Orc:2    | Found a roughly hewn altar of Beogh.
 15211 | Orc:2    | Noticed an orc warlord
 15227 | Orc:2    | Killed an orc warlord
 15263 | Orc:2    | Noticed a stone giant
 15270 | Orc:2    | Killed a stone giant
 15475 | Orc:2    | Noticed an orc warlord
 15487 | Orc:2    | Killed an orc warlord
 15618 | Orc:2    | Found Kileuc's Distillery.
 15700 | Orc:2    | Bought a potion of degeneration for 13 gold pieces
 15701 | Orc:2    | Bought a potion of might for 52 gold pieces
 15701 | Orc:2    | Bought a potion of heal wounds for 65 gold pieces
 15915 | Orc:2    | Found Fonimour's Assorted Antiques.
 16040 | Orc:2    | Bought a scroll labeled WYOMMYRAIM for 40 gold pieces
 16040 | Orc:2    | Bought a glass wand for 160 gold pieces
 16040 | Orc:2    | Bought a scroll of identify for 80 gold pieces
 16092 | Orc:2    | Found a roughly hewn altar of Beogh.
 16905 | Orc:2    | Reached XP level 15. HP: 108/145 MP: 20/20
 17025 | Orc:2    | Found a staircase to the Elven Halls.
 17092 | Orc:2    | Upgraded the game from 0.25-b1-38-g32f9adbbe0 to
                  | 0.25-b1-41-g19641232cd
 17251 | D:11     | Found a flickering gateway to a bazaar.
 17251 | D:11     | Noticed Grum
 17260 | D:11     | Killed Grum
 17290 | Bazaar   | Entered a bazaar
 17290 | Bazaar   | Found Heffaust's Distillery.
 17290 | Bazaar   | Found Coaveot's Weapon Emporium.
 17293 | Bazaar   | Found Iroeff's Jewellery Emporium.
 17308 | Bazaar   | Found Pikeytih's Food Shoppe.
 17330 | Bazaar   | Bought an uncursed ring of see invisible for 180 gold
                  | pieces
 17330 | Bazaar   | Bought an uncursed ring of poison resistance for 240 gold
                  | pieces
 17340 | Bazaar   | Bought a potion of resistance for 110 gold pieces
 17340 | Bazaar   | Bought a potion of mutation for 88 gold pieces
 17340 | Bazaar   | Bought a potion of might for 44 gold pieces
 17589 | D:11     | Reached skill level 14 in Unarmed Combat
 18108 | D:12     | Learned a level 4 spell: Leda's Liquefaction
 18299 | D:12     | Found a portal to a secret trove of treasure.
 19103 | Spider:1 | Entered Level 1 of the Spider Nest
 19120 | Spider:1 | Noticed Donald
 19123 | Spider:1 | Killed Donald
 19124 | Spider:1 | Noticed a ghost moth
 19132 | Spider:1 | Killed a ghost moth
 19132 | Spider:1 | Reached skill level 1 in Earth Magic
 19703 | Spider:1 | Reached skill level 1 in Spellcasting
 20143 | Spider:2 | Found a transporter.
 20178 | Spider:2 | Found a transporter.
 20400 | Spider:2 | Got a shimmering wooden ring
 21067 | Spider:2 | Reached XP level 16. HP: 151/156 MP: 22/22
 21144 | Spider:2 | You fall into a shaft and drop 1 floor!
 22066 | Spider:4 | Entered Level 4 of the Spider Nest
 22379 | Spider:4 | Reached skill level 15 in Unarmed Combat
 22415 | Spider:4 | Identified the ring "Ozxeamug" {*Tele *Slow rElec Int+3
                  | Dex+5} (You found it on level 2 of the Spider Nest)
 22905 | Spider:4 | Reached skill level 10 in Throwing
 22997 | Spider:4 | Reached skill level 10 in Invocations
 23432 | Spider:4 | Got a gossamer rune of Zot
 23831 | Shoals:1 | Entered Level 1 of the Shoals
 23841 | Shoals:1 | Found a runed translucent gate.
 23843 | Shoals:1 | Found a runed translucent gate.
 23844 | Shoals:1 | Found a runed translucent gate.
 23877 | Shoals:1 | Noticed Loidof's ghost (adept MiFi)
 23903 | Shoals:1 | Killed Loidof's ghost
 23903 | Shoals:1 | Reached skill level 10 in Dodging
 23910 | Shoals:1 | Got a glittering marble ring
 23981 | Shoals:1 | Reached XP level 17. HP: 147/165 MP: 23/23
 24386 | Shoals:1 | Reached skill level 10 in Fighting
 25360 | Shoals:2 | Identified the ring "Afeal" {+Inv rF- MR+ Str+6 Dex+2} (You
                  | found it on level 1 of the Shoals)
 25389 | Shoals:2 | Reached skill level 5 in Earth Magic
 25572 | Shoals:2 | Found an ornate altar of the Wu Jian Council.
 26101 | Shoals:3 | Learned a level 2 spell: Passwall
 26229 | Shoals:3 | Noticed Polyphemus
 26239 | Shoals:3 | Reached skill level 16 in Unarmed Combat
 26245 | Shoals:3 | Killed Polyphemus
 26326 | Shoals:3 | Found Peirghei's Weapon Shoppe.
 26477 | Shoals:3 | Reached skill level 1 in Transmutations
 26516 | Shoals:3 | Noticed Ilsuiw
 26537 | Shoals:3 | Killed Ilsuiw
 26810 | Shoals:4 | Entered Level 4 of the Shoals
 26923 | Shoals:4 | Noticed Mara
 26924 | Shoals:4 | Noticed Majang's illusion
 27121 | Lair:1   | Killed Sinop's ghost
 27230 | D:13     | Found Luziuw's Antique Weapon Boutique.
 27251 | D:13     | Found a flagged portal.
 27271 | Bailey   | Entered a bailey
 27494 | Bailey   | Reached XP level 18. HP: 176/176 MP: 25/25
 27705 | D:13     | Found Nerpheq's Distillery.
 27818 | D:13     | Found Xynuq's Gadget Shop.
 27883 | D:13     | Found Coedwuq's Armour Shoppe.
 27952 | D:13     | You fall into a shaft and drop 2 floors!
 27952 | D:15     | Entered Level 15 of the Dungeon
 28005 | D:15     | Found a frozen archway.
 28044 | IceCv    | Entered an ice cave
 28910 | D:14     | Reached XP level 19. HP: 184/184 MP: 26/26
 29324 | D:14     | Found a gate to the Vaults.
 29452 | D:14     | Noticed Jorgrun
 29464 | D:14     | Killed Jorgrun
 29505 | D:14     | Found a shadowy altar of Dithmenos.
 30092 | D:15     | Found Gefapset's Distillery.
 30148 | D:15     | Found a staircase to the Depths.
 30745 | Elf:1    | Entered Level 1 of the Elven Halls
 31333 | Elf:1    | Identified Vehumet's Tome of Confrontation
 31784 | Elf:2    | Learned a level 6 spell: Statue Form
 32105 | Elf:2    | Identified the +7 hand axe "Boic" {vorpal, MP+9}
 32197 | Elf:2    | Found Ruler's Magic Scroll Emporium.
 32277 | Elf:2    | Found a radiant altar of Vehumet.
 32329 | Elf:2    | Reached skill level 17 in Unarmed Combat
 32484 | Elf:2    | Found a huge runed translucent gate.
 32484 | Elf:2    | Found a huge runed translucent gate.
 32484 | Elf:2    | Found a huge runed translucent gate.
 32484 | Elf:2    | Found a huge runed translucent gate.
 32484 | Elf:2    | Found a huge runed translucent gate.
 32592 | Elf:2    | Reached skill level 5 in Spellcasting
 32921 | Elf:2    | Reached XP level 20. HP: 193/193 MP: 27/27
 33305 | Shoals:4 | Killed Mara
 33305 | Shoals:4 | Reached skill level 5 in Transmutations
 33560 | Shoals:4 | Got a barnacled rune of Zot
 33918 | Shoals:4 | Found the +11 plutonium sword {*Contam Stlth-}
 33980 | Shoals:4 | Found the +4 dagger "Morg" {pain, MR+ Int+5}
 34436 | Vaults:1 | Entered Level 1 of the Vaults
 34848 | Vaults:1 | Found a shimmering blue altar of Sif Muna.
 34910 | Vaults:1 | Cast into level 3 of the Abyss (a wizard)
 34920 | Abyss:3  | Found a corrupted altar of Lugonu.
 35070 | Abyss:4  | Noticed a bone dragon
 35074 | Abyss:4  | Reached skill level 10 in Earth Magic
 35079 | Abyss:4  | Noticed a bone dragon
 35088 | Abyss:4  | Killed a bone dragon
 35104 | Abyss:4  | Killed a bone dragon
 35161 | Vaults:1 | Escaped the Abyss
 35606 | Vaults:1 | Reached XP level 21. HP: 200/200 MP: 27/29
 36019 | Vaults:2 | Found a staircase to the Crypt.
 36125 | Vaults:2 | Found Sapel's Food Boutique.
 36402 | Vaults:2 | Paralysed by a great orb of eyes for 3 turns
 37448 | Vaults:3 | Identified a scroll of acquirement
 37691 | Vaults:3 | Found Tuwidghouv's Armour Boutique.
 37796 | Vaults:3 | You fall into a shaft and drop 1 floor!
 38729 | Vaults:3 | Reached skill level 10 in Shields
 39204 | Vaults:4 | Reached skill level 1 in Evocations
 39368 | Vaults:4 | Reached XP level 22. HP: 211/211 MP: 19/31
 39813 | Vaults:4 | Paralysed by a lich for 2 turns
 40470 | Lair:1   | Learned a level 5 spell: Lee's Rapid Deconstruction
 40584 | Depths:1 | Entered Level 1 of the Depths
 41309 | Depths:1 | Found a one-way gate leading to the halls of Pandemonium.
 41492 | Depths:1 | Found a shattered altar of Ashenzari.
 41562 | Depths:1 | You fall into a shaft and drop 1 floor!
 42022 | Depths:2 | Found a one-way gate to the infinite horrors of the Abyss.
 42187 | Depths:2 | Found a gateway to a ziggurat.
 42336 | Depths:2 | Noticed a juggernaut
 42343 | Depths:2 | Killed a juggernaut
 42343 | Depths:2 | Reached XP level 23. HP: 222/222 MP: 31/33
 42355 | Depths:2 | Reached skill level 18 in Unarmed Combat
 42482 | Depths:2 | Identified the ring of Puwe {Str+3 SInv}
 42612 | Depths:2 | Reached skill level 10 in Transmutations
 42961 | Depths:3 | Identified the Grimoire of the Snowflakes and Moulding
 43073 | Depths:3 | Learned a level 6 spell: Hydra Form
 43137 | Depths:3 | Noticed a caustic shrike
 43143 | Depths:3 | Killed a caustic shrike
 43172 | Depths:3 | Noticed a caustic shrike
 43175 | Depths:3 | Killed a caustic shrike
 43276 | Depths:3 | Noticed an ancient lich
 43278 | Depths:3 | Killed an ancient lich
 43499 | Depths:3 | Found a transporter.
 43509 | Depths:3 | Found a transporter.
 43544 | Depths:3 | Noticed CakeIsGreat's ghost (veteran GrFi)
 43544 | Depths:3 | Noticed a caustic shrike
 43764 | Depths:3 | Gained mutation: You are frail. (-10% HP) [a cacodemon]
 44152 | Depths:4 | Found Summucwu's Jewellery Emporium.
 44152 | Depths:4 | Found Doups's Gadget Shop.
 44154 | Depths:4 | Found Dothonod's Jewellery Emporium.
 44242 | Depths:4 | Reached XP level 24. HP: 210/210 MP: 30/34
 44572 | Depths:4 | Noticed a juggernaut
 44576 | Depths:4 | Killed a juggernaut
 44950 | Depths:4 | Found a runed door.
 44971 | Depths:4 | Noticed an ancient lich
 44991 | Depths:4 | Killed an ancient lich
 45133 | Depths:4 | Cast into level 3 of the Abyss (a deep elf demonologist)
 45281 | Abyss:3  | Paralysed by accursed screaming for 2 turns
 45287 | Abyss:3  | Paralysed by accursed screaming for 2 turns
 45313 | Abyss:3  | Got an abyssal rune of Zot
 45330 | Depths:4 | Escaped the Abyss
 45390 | Depths:4 | Got the +2 cloak "Rym Xops" {rPois Str+4 Int+2 Dex+3}
 45398 | Depths:4 | Identified the ring "Xuotiz" {Fire Int+3} (You found it on
                  | level 4 of the Depths)
 46123 | Depths:5 | Entered Level 5 of the Depths
 46320 | Depths:5 | Identified the amulet of Quicekis {Faith +Fly Slay+2}
 46592 | Depths:5 | Reached skill level 15 in Throwing
 46616 | Depths:5 | Found a runed translucent door.
 46616 | Depths:5 | Found a runed translucent door.
 46629 | Depths:5 | Found a runed translucent door.
 46629 | Depths:5 | Found a runed translucent door.
 46670 | Depths:5 | Found a runed translucent door.
 46674 | Depths:5 | Found a runed translucent door.
 46719 | Depths:5 | Reached XP level 25. HP: 219/219 MP: 34/35
 46902 | Depths:5 | Found a gate to the Realm of Zot.
 47138 | Depths:5 | Noticed a juggernaut
 47144 | Depths:5 | Killed a juggernaut
 47511 | Depths:5 | Upgraded the game from 0.25-b1-41-g19641232cd to
                  | 0.25-b1-46-gb8a1ec05df
 47931 | Elf:3    | Entered Level 3 of the Elven Halls
 48429 | Elf:3    | Reached skill level 19 in Unarmed Combat
 48837 | Elf:3    | Found the amulet of the Air {Inacc +Fly rElec EV+5 RMsl}
 48900 | Elf:3    | Found the +2 hood of the Assassin {Detection Stab+ Stlth++}
 48903 | Elf:3    | Identified the Catalogue of Toxins and Lightness
 48924 | Elf:3    | Identified the Volume of the Insatiable Servitors
 48938 | Elf:3    | Identified Kunotro's Compendium of Torrid Talismans
 48941 | Elf:3    | Identified the Handbook of Creative Battle Magic
 49213 | D:13     | Bought a potion of mutation for 104 gold pieces
 49213 | D:13     | Bought a potion of resistance for 130 gold pieces
 49213 | D:13     | Bought a potion of curing for 39 gold pieces
 49213 | D:13     | Bought a potion of curing for 39 gold pieces
 49213 | D:13     | Bought 2 potions of magic for 208 gold pieces
 49264 | D:13     | Bought a wand of digging (5) for 270 gold pieces
 49380 | Orc:2    | Bought a potion of flight for 39 gold pieces
 49380 | Orc:2    | Bought 2 potions of resistance for 260 gold pieces
 49380 | Orc:2    | Bought a potion of resistance for 130 gold pieces
 49510 | Orc:2    | Bought a potion of brilliance for 72 gold pieces
 49510 | Orc:2    | Bought a potion of cancellation for 144 gold pieces
 49510 | Orc:2    | Bought a potion of curing for 54 gold pieces
 49510 | Orc:2    | Bought a potion of curing for 54 gold pieces
 49510 | Orc:2    | Bought a potion of ambrosia for 144 gold pieces
 49510 | Orc:2    | Bought a potion of resistance for 180 gold pieces
 49510 | Orc:2    | Bought a potion of curing for 54 gold pieces
 49510 | Orc:2    | Bought a potion of curing for 54 gold pieces
 49658 | D:15     | Bought a potion of flight for 48 gold pieces
 49658 | D:15     | Bought a potion of heal wounds for 80 gold pieces
 49658 | D:15     | Bought a potion of curing for 48 gold pieces
 49956 | Elf:2    | Bought a scroll of enchant armour for 120 gold pieces
 50317 | Zot:1    | Entered Level 1 of the Realm of Zot
 50696 | Zot:1    | Noticed an orb of fire
 50702 | Zot:1    | Killed an orb of fire
 50860 | Zot:1    | Found the amulet of Vitality {Regen+ HP+15}
 51474 | Zot:2    | Reached XP level 26. HP: 227/227 MP: 34/35
 51598 | Zot:2    | Identified the +4 dragonskin cloak
 51598 | Zot:2    | Noticed Tiamat
 51649 | Zot:2    | Killed Tiamat
 51834 | Zot:2    | Identified the Volume of Dislocation and the Birds
 51837 | Zot:2    | Identified the +2 robe of the Moon {rC+ Dex+3} (You found
                  | it on level 2 of the Realm of Zot)
 52518 | Zot:3    | You fall into a shaft and drop 1 floor!
 52867 | Zot:3    | Reached skill level 10 in Spellcasting
 52886 | Zot:3    | Got a faintly glowing brass ring
 52887 | Zot:3    | Identified the ring "Amaibb" {*Tele MR+} (You found it on
                  | level 3 of the Realm of Zot)
 53088 | Zot:3    | Gained mutation: You are occasionally teleported next to
                  | monsters. [an orb of fire]
 53089 | Zot:3    | Noticed an orb of fire
 53097 | Zot:3    | Gained mutation: Potions are less effective at restoring
                  | your health. [an orb of fire]
 53101 | Zot:3    | Killed an orb of fire
 53121 | Zot:3    | Lost mutation: Potions are less effective at restoring your
                  | health. [potion of mutation]
 53121 | Zot:3    | Lost mutation: You are frail. (-10% HP) [potion of
                  | mutation]
 53121 | Zot:3    | Gained mutation: You are partially covered in icy blue
                  | scales. (AC +2) [potion of mutation]
 53121 | Zot:3    | Gained mutation: Your spells are a little harder to cast,
                  | but a little more powerful. [potion of mutation]
 53121 | Zot:3    | Gained mutation: You have large cloven feet. [potion of
                  | mutation]
 53121 | Zot:3    | Gained mutation: You are partially covered in molten
                  | scales. (AC +2) [potion of mutation]
 53122 | Zot:3    | Lost mutation: Your spells are a little harder to cast, but
                  | a little more powerful. [potion of mutation]
 53122 | Zot:3    | Lost mutation: You are occasionally teleported next to
                  | monsters. [potion of mutation]
 53122 | Zot:3    | Lost mutation: You have large cloven feet. [potion of
                  | mutation]
 53122 | Zot:3    | Gained mutation: Your flesh is heat resistant. (rF+)
                  | [potion of mutation]
 53122 | Zot:3    | Gained mutation: You have an increased reservoir of magic.
                  | (+10% MP) [potion of mutation]
 53625 | Zot:4    | Noticed an orb of fire
 53632 | Zot:4    | Killed an orb of fire
 53850 | Zot:4    | Reached skill level 15 in Earth Magic
 53883 | Zot:5    | Entered Level 5 of the Realm of Zot
 53950 | Zot:5    | Reached XP level 27. HP: 265/265 MP: 37/39
 54345 | Zot:5    | Reached skill level 20 in Unarmed Combat
 54513 | Zot:5    | Noticed an ancient lich
 54520 | Zot:5    | Killed an ancient lich
 54521 | Zot:5    | Noticed an ancient lich
 54522 | Zot:5    | Noticed an orb of fire
 54526 | Zot:5    | Noticed an ancient lich
 54528 | Zot:5    | Killed an ancient lich
 54538 | Zot:5    | Killed an ancient lich
 54561 | Zot:5    | Killed an orb of fire
 54561 | Zot:5    | Reached skill level 10 in Armour
 54669 | Zot:5    | Noticed an ancient lich
 54679 | Zot:5    | Killed an ancient lich
 54821 | Zot:5    | Noticed an orb of fire
 54825 | Zot:5    | Gained mutation: You occasionally shout uncontrollably at
                  | your foes. [an orb of fire]
 54828 | Zot:5    | Killed an orb of fire
 54832 | Zot:5    | Noticed an ancient lich
 54844 | Zot:5    | Killed an ancient lich
 54854 | Zot:5    | Noticed an orb of fire
 55037 | Zot:5    | Killed an orb of fire
 55051 | Zot:5    | Reached skill level 15 in Dodging
 55062 | Zot:5    | Reached skill level 15 in Fighting
 55115 | Zot:5    | Noticed an ancient lich
 55371 | Zot:5    | Got the Orb of Zot
 55657 | Depths:5 | Noticed Lounipp the pandemonium lord
 55686 | Depths:5 | Gained mutation: You are weak. (Str -2) [a cacodemon]
 55754 | Depths:3 | Noticed a seraph
 55761 | Depths:3 | Killed a seraph
 55913 | Depths:1 | Noticed a seraph
 55924 | Depths:1 | Killed a seraph
 55932 | Depths:1 | HP: 13/351 [daeva/divine providence[a seraph] (13)]
 55932 | Depths:1 | Killed from afar by a daeva

Illustrated notes

Levels and vault maps discovered:
D:1:      lightli_arrival_chessboard, layout_rooms, minmay_misc_feat_nine_boxes
D:2:      layout_basic, marbit_many_paths, uniq_robin
D:3:      layout_loops_ring, nicolae_tso_swordbearing_angel, uniq_sigmund
D:4:      layout_rooms, temple_doors_e, portal_sewer_entry_f,
          nicolae_ossuary_entry_giza, uniq_menkaure
D:5:      layout_loops_ring, nicolae_overflow_hidden_temple,
          nicolae_ru_awakened_eye, bloody_trog, elyvilon_altar_3, first_ration,
          minmay_stone_trees_large, uniq_crazy_yiuf_cottage, uniq_blork_the_orc
D:6:      layout_basic, lemuel_coloured_pillars_altar, fedhas_altar_3,
          minmay_misc_feat_encased
D:7:      kennysheep_steamy, layout_rooms, old_standard_altar,
          kennysheep_little_box, serial_shops, shop, uniq_pikel
D:8:      layout_layer_cave, lemuel_doored_altar
D:9:      layout_irregular_city, dancing_weapons_uskayaw, vehumet_crystals,
          dpeg_lair_monsters, uniq_joseph
D:10:     wad_lake_hut, layout_basic, minmay_orc_entry_temple_small
D:11:     layout_roguey, serial_shops, bzr_entry_customers, hex_medium,
          david_nohive_1, uniq_grum
D:12:     layout_loops_cross, nicolae_trove_entry_diagonal
D:13:     layout_grid_maze, serial_shops, nicolae_shop_crystal,
          nicolae_shop_temple_entry_statues_fountains, shop,
          kennysheep_mini_moat, enter_bailey_6
D:14:     layout_gridville, grunt_vaults_entry_tiered, chequers_mini_garden,
          grunt_dithmenos_smoke_and_mirrors, uniq_jorgrun
D:15:     hangedman_depths_entry_civil_slaughter, layout_loops_corners,
          serial_shops, shop, portal_ice_cave_entry_ice_beasts,
          nrook_mini_backslash
Temple:   nicolae_temple_figure_zero
Lair:1:   layout_regular_city, gammafunk_ghost_ooze, st_stairs_7, uniq_nergalle
Lair:2:   layout_gridlike, minmay_shoals_entry_lonely_mermaid,
          spider_nest_entry_rubble, uniq_gastronok
Lair:3:   layout_chaotic_city, serial_bayou_shore_a,
          infiniplex_staircase_pool_2, uniq_sonja
Lair:4:   layout_roguey
Lair:5:   layout_gridlike, special_room [special_room_mythical_zoo],
          infiniplex_staircase_pool, grunt_megastairs_5, lemuel_fruit_tree
Lair:6:   evil_forest, layout_cave_shapes, nicolae_slime_entry_slimehenge,
          basic_altar, serial_rivers, chequers_serial_rivers_micro_c,
          chequers_serial_rivers_micro_a, chequers_serial_rivers_micro_d,
          chequers_serial_rivers_small_3, uniq_josephine
Shoals:1: layout_shoals, ebering_ghost_rock_garden, st_sunken_huts
Shoals:2: layout_shoals, lemuel_centaur_altar
Shoals:3: layout_shoals, serial_shops, shop, uniq_polyphemus, uniq_ilsuiw
Shoals:4: shoals_end_simple, layout_shoals, shoals_ilsuiw_ice, uniq_mara
Spider:1: layout_spider_delve, nicolae_spider_nook, uniq_donald
Spider:2: gammafunk_the_bubble [the_bubble_gammafunk_crates]
Spider:3: layout_spider_delve
Spider:4: grunt_spider_rune_circles, special_room [special_room_bee],
          hangedman_stitches_earthworm
Orc:1:    layout_caves
Orc:2:    pubby_orc_utopia
Elf:1:    minmay_elf_arrival_summoners, layout_geoelf_octagon,
          minmay_elf_annihilation, drop_trap
Elf:2:    layout_loops_cross, serial_shops, shop, basic_altar
Elf:3:    elf_hall, layout_rooms
Vaults:1: vaults_room_boxed, nicolae_vaults_network_s, hangedman_vaults_snaps,
          nicolae_vaults_little_squares_3, nicolae_vaults_angled_halls,
          nicolae_vaults_meeting, vaults_room_door_hall, v_misc_13,
          nicolae_vaults_border_crossing, hangedman_vaults_corner_blocks,
          nicolae_vaults_little_squares_1, layout_vaults_omnibox, basic_altar
Vaults:2: vaults_room_ringed_pool, v_misc_16, v_alt_pattern_3,
          minmay_crypt_entry_nasty_monster, vaults_standard_mumra_x,
          v_alt_pattern_2, vaults_dpeg_hooks, hangedman_vaults_trim,
          ontoclasm_vaults_decontamination, vaults_dpeg_ring,
          layout_vaults_omnigrid, serial_shops, shop_statue
Vaults:3: dpeg_vaults_monster_box, hangedman_vaults_capsules,
          nicolae_vaults_what_the_h, v_pattern_3, hangedman_vaults_stagger,
          v_alt_pattern_2, v_misc_16, nicolae_vaults_rhombus_5,
          ontoclasm_vaults_shuriken, nicolae_vaults_little_squares_3,
          layout_vaults_big_cross
Vaults:4: nicolae_vaults_rhombus_6, v_misc_33, nicolae_vaults_ring_of_whatevers,
          hangedman_vaults_hat, v_misc_8, hangedman_vaults_restitches,
          hangedman_vaults_impose, v_misc_4, grunt_vaults_trifunnel,
          dpeg_vaults_waves, serial_ice_m, layout_vaults_big_room
Depths:1: minmay_quantized_circle, layout_basic, hell_entry,
          rand_demon_pan_entry_4, evilmike_ruin_ashenzari
Depths:2: grunt_runaround [grunt_runaround_doors_1, grunt_runaround_doors_2,
          grunt_runaround_doors_3, grunt_runaround_doors_4,
          grunt_runaround_loot], serial_shops, abyss_entry, hell_entry
Depths:3: minmay_tearing_corner, layout_cave_shapes, hellmouth_1,
          rand_demon_pan_entry_8, gammafunk_ghost_berserking_beasts,
          chequers_serial_rivers_small_b, infiniplex_staircase_diamond
Depths:4: evilmike_wizard_prison, layout_long_grid, abyss_entry,
          minmay_misc_feat_room, hell_entry, serial_sigils_hangedman_etch,
          hangedman_aviary, minmay_staircase_windowed_large, minmay_shop_grove
Depths:5: evilmike_zot_entry_castle, layout_small_grid, hangedman_coc_ice_floe,
          grunt_pan_entry_sceptre, minmay_misc_feat_diagonals
Zot:1:    layout_misc_corridors, hangedman_zot_decor_checkerboard
Zot:2:    layout_basic, nicolae_lava_and_water, hangedman_zot_spectrum
Zot:3:    layout_gridlike
Zot:4:    layout_concentric_octagons, lemuel_baited_zot_trap
Zot:5:    layout_basic, grunt_ministairs_9, st_stairs_1

Skill      XL: |  1  2  3  4  5  6  7  8  9 10 11 12 13 14 15 16 17 18 19 20 21 22 23 24 25 26 27 |
---------------+----------------------------------------------------------------------------------+-----
Unarmed Combat | 3 4 5 6 8 9 10 11 12 13 14 15 16 17 18 19 20 | 20.7
Fighting       | 3 4 5 6 7 8 9 10 11 12 13 14 15 | 15.2
Dodging        | 3 4 5 6 7 8 9 10 11 12 13 14 15 | 15.3
Shields        | 3 4 5 6 7 8 9 10 11 12 13 14 | 14.5
Throwing       | 1 2 3 4 5 6 7 8 9 10 11 12 13 14 15 16 17 19 | 19.2
Invocations    | 1 2 3 4 5 6 7 8 9 10 11 12 | 12.0
Armour         | 1 3 4 5 6 7 8 12 | 12.1
Earth Magic    | 2 4 5 7 10 11 12 13 14 15 | 15.0
Spellcasting   | 1 3 4 5 6 7 8 9 10 | 10.2
Transmutations | 1 2 4 8 9 10 11 12 | 12.0
Evocations     | 1 2 |  2.3

Action                   |  1- 3 |  4- 6 |  7- 9 | 10-12 | 13-15 | 16-18 | 19-21 | 22-24 | 25-27 || total
-------------------------+-------+-------+-------+-------+-------+-------+-------+-------+-------++-------
Melee: Unarmed           |    82 |   201 |   270 |   532 |  1249 |   887 |  1234 |   823 |   800 ||  6078
Throw: Boomerang         |       |       |       |    33 |   191 |   313 |   294 |    46 |       ||   877
       Large rock        |       |       |       |     8 |    38 |    24 |   101 |    72 |   195 ||   438
       Javelin           |       |       |       |       |     4 |     8 |     6 |    16 |    37 ||    71
 Cast: Statue Form       |       |       |       |       |       |       |    46 |    76 |    88 ||   210
       Leda's Liquefacti |       |       |       |       |       |       |     1 |       |       ||     1
       Lee's Rapid Decon |       |       |       |       |       |       |       |     7 |       ||     7
       Hydra Form        |       |       |       |       |       |       |       |     1 |       ||     1
       Passwall          |       |       |       |       |       |       |       |       |    11 ||    11
Invok: Slouch            |       |       |       |       |     7 |    14 |     5 |     5 |     2 ||    33
 Abil: Evoke Invisibilit |       |       |       |       |       |     1 |       |       |       ||     1
Evoke: Wand              |       |       |       |     1 |       |     2 |     6 |     2 |     2 ||    13
       Lightning rod     |       |       |       |       |       |     2 |       |       |       ||     2
  Use: Scroll            |       |     5 |     7 |    16 |    11 |     8 |     6 |    11 |    17 ||    81
       Potion            |       |       |     6 |     2 |     1 |     6 |     4 |     5 |    13 ||    37
 Stab: Sleeping          |     1 |       |     3 |     4 |     7 |    10 |     2 |     3 |     2 ||    32
       Distracted        |       |       |     2 |       |     2 |     1 |       |     4 |     1 ||    10
       Held in net/web   |       |       |       |       |       |     1 |       |       |       ||     1
       Invisible         |       |       |       |       |       |     2 |       |       |       ||     2
       Confused          |       |       |       |       |       |       |       |     3 |     2 ||     5
  Eat: Chunk             |    11 |    14 |    24 |    39 |    73 |    50 |    99 |    84 |    80 ||   474
       Ration            |       |       |       |       |       |       |       |       |     4 ||     4
Armor: Robe              |    21 |    54 |    61 |       |       |     3 |       |       |       ||   139
       Steam dragon scal |       |       |     4 |   127 |   309 |   262 |   188 |    13 |     2 ||   905
       Skin              |       |       |       |       |       |       |   123 |   275 |   315 ||   713
       Fire dragon scale |       |       |       |       |       |       |       |       |    20 ||    20
Dodge: Dodged            |    24 |    69 |    80 |   195 |   614 |   612 |   619 |   544 |   763 ||  3520
Block: Kite shield       |    27 |    93 |   112 |   297 |   800 |   756 |  1115 |   888 |   998 ||  5086
       Reflection        |       |       |       |       |       |    45 |   155 |    97 |    45 ||   342
